 Dungeon Crawl Stone Soup version 0.24.0-123-gd5b16e6ec5 (webtiles) character file.

Game seed: 6647830443939639787, levelgen mode: deterministic

2530 Hasart the Geomancer (level 9, 0/57 HPs)
             Began as a Vampire Earth Elementalist on Jan 14, 2020.
             Was a Follower of Vehumet.
             Slain by Harold
             ... wielding a +0 battleaxe
              (26 damage)
             ... on level 7 of the Dungeon.
             The game lasted 00:22:12 (6414 turns).

Hasart the Geomancer (Vampire Earth Elementalist)   Turns: 6414, Time: 00:22:13

Health: 0/57       AC:  3    Str:  7    XL:     9   Next: 29%
Magic:  15/17      EV:  8    Int: 24    God:    Vehumet [*.....]
Gold:   352        SH:  0    Dex: 15    Spells: 10/19 levels left

rFire    . . .     SeeInvis +   u - +2 quarterstaff (drain)
rCold    . . .     Gourm    .   (shield currently unavailable)
rNeg     . . .     Faith    .   E - +0 robe (curse)
rPois    .         Spirit   .   (no helmet)
rElec    .         Reflect  .   (no cloak)
rCorr    .         Harm     .   F - +0 pair of gloves
MR       .....                  (no boots)
Stlth    ++........             o - amulet of magic regeneration
HPRegen  0.39/turn              D - +4 ring of intelligence (curse)
MPRegen  0.40/turn              (no ring)

@: very slightly contaminated, held, regenerating quickly
A: no food, fangs 3, see invisible, unbreathing
a: Exsanguinate, Renounce Religion


You were on level 7 of the Dungeon.
You worshipped Vehumet.
Vehumet was aware of your devotion.
You were alive.

You visited 2 branches of the dungeon, and saw 8 of its levels.

You collected 352 gold pieces.

Inventory:

Hand Weapons
 n - a +0 long sword
 u - a +2 quarterstaff of draining (weapon)
Missiles
 b - 108 stones (quivered)
Armour
 E - a cursed +0 robe (worn)
 F - a +0 pair of gloves (worn)
Jewellery
 o - an amulet of magic regeneration (around neck)
 D - a cursed +4 ring of intelligence (left hand)
Wands
 C - a wand of digging (4)
Scrolls
 a - a scroll of noise {unknown}
 e - 2 scrolls of magic mapping {unknown}
 g - 6 scrolls of remove curse {unknown}
 h - 3 scrolls of blinking {unknown}
 i - 6 scrolls of identify {unknown}
 j - 2 scrolls of random uselessness {unknown}
 m - 3 scrolls of immolation {unknown}
 r - a scroll of teleportation {unknown}
 v - a scroll of fog {unknown}
 w - 2 scrolls of amnesia {unknown}
 y - a scroll of enchant weapon {unknown}
 A - a scroll of enchant armour {unknown}
 B - a scroll of brand weapon {unknown}
Potions
 c - a potion of degeneration {unknown}
 d - 2 potions of heal wounds {unknown}
 f - a potion of berserk rage {unknown}
 k - 2 potions of lignification {unknown}
 l - 4 potions of curing
 p - a potion of invisibility {unknown}
 q - 2 potions of mutation {unknown}
 s - a potion of resistance {unknown}
 t - 4 potions of flight {unknown}
 x - a potion of might {unknown}
 z - a potion of brilliance {unknown}


   Skills:
   Level 0.2 Short Blades
 + Level 6.6 Dodging
 - Level 3.1 Stealth
 + Level 5.5 Spellcasting
 + Level 3.4 Conjurations
   Level 1.1 Transmutations
 * Level 9.0 Earth Magic


You had 10 spell levels left.
You knew the following spells:

 Your Spells              Type           Power        Failure   Level  Hunger
a - Sandblast             Erth           #####.       1%          1    N/A
b - Stone Arrow           Conj/Erth      #####.       1%          3    N/A
c - Lee's Rapid Deconstr  Erth           #####.....   6%          5    N/A

Your spell library contained the following spells:

 Spells                   Type           Power        Failure   Level  Hunger
 Shock                    Conj/Air       ##..         4%          1    N/A
 Passwall                 Tmut/Erth      ####....     1%          2    N/A
 Petrify                  Tmut/Erth      ####....     11%         4    N/A

Dungeon Overview and Level Annotations

Branches:
Dungeon (7/15)             Temple (1/1) D:4

Altars:
Ashenzari
Cheibriados
Dithmenos
Elyvilon
Fedhas
Gozag
Hepliaklqana
Kikubaaqudgha
Makhleb
Nemelex Xobeh
Okawaru
Qazlal
Ru
Sif Muna
Trog
Uskayaw
Vehumet
Wu Jian
Xom
Yredelemnul
Zin
The Shining One

Shops:
D:6 ?

Annotations:
D:2 Natasha
D:5 1 runed translucent door
D:7 Harold, Menkaure


Innate Abilities, Weirdness & Mutations

You do not eat.
Your natural rate of healing is unusually fast.
You have razor-sharp teeth.
You have supernaturally acute eyesight. (SInv)
You can survive without breathing.


Message History

Harold convulses!
Your body is wracked with pain!
You see here a throwing net.
Harold zaps a wand.
You easily resist.
Harold throws a throwing net.
The throwing net hits you.
You become entangled in the net!
You see here a throwing net.
You struggle against the net.
You struggle against the net.
You struggle against the net.
You rip the net and break free!
Harold zaps a wand.
You easily resist.
Harold throws a throwing net.
The throwing net hits you.
You become entangled in the net!
You see here a throwing net.
You struggle against the net.
You struggle against the net.
Harold zaps a wand.
You easily resist.
Menkaure casts a spell.
Menkaure seems to speed up.
You struggle against the net.
Harold zaps a wand.
You easily resist.
You struggle against the net.
Harold hits you with a +0 battleaxe!!
You die...

.# .#
###M#.####
#.........
#.#.#.###.
#######(#.#
#.....#M#.#
#.###.#@#.#
#.....#@#.#
#.......#.###.
##....###.....
#............
#....########
##'#.......
#.########
#.......####
##.........#


You could see Harold and Menkaure.

Vanquished Creatures
  Pikel (D:6)
  Grinder (D:6)
  Sigmund (D:2)
  Eustachio (D:6)
  A sky beast (D:5)
  A necrophage (D:6)
  2 phantoms (D:5)
  A centaur (D:5)
  Blork the orc (D:6)
  A big kobold (D:7)
  3 bullfrogs
  A wyvern skeleton (D:7)
  2 scorpions (D:4)
  3 crimson imps (D:5)
  A bullfrog zombie (D:5)
  5 orc priests
  A centaur skeleton (D:6)
  A bullfrog skeleton (D:4)
  2 iguanas
  An orc wizard (D:4)
  Natasha (D:2)
  3 worker ants
  2 hound skeletons
  6 adders
  A shadow imp (D:6)
  An ooze (D:4)
  An adder zombie (D:5)
  An adder skeleton (D:5)
  5 worms
  4 dart slugs
  2 leopard geckos
  24 orcs
  4 giant cockroaches
  8 hobgoblins
  A quokka (D:4)
  2 ball pythons (D:1)
  13 bats
  6 frilled lizards
  7 goblins
  15 kobolds
  4 rats
142 creatures vanquished.

Notes
Turn   | Place    | Note
-------+----------+-------------------------------------------
     0 | D:1      | Hasart the Vampire Earth Elementalist began the quest for
                  | the Orb.
     0 | D:1      | Reached XP level 1. HP: 13/13 MP: 3/3
   203 | D:1      | Reached XP level 2. HP: 13/19 MP: 5/5
   721 | D:1      | Reached XP level 3. HP: 24/24 MP: 6/6
   769 | D:2      | Reached skill level 4 in Earth Magic
   815 | D:2      | Noticed Natasha
   821 | D:2      | Killed Natasha
   839 | D:2      | Reached XP level 4. HP: 21/30 MP: 4/7
  1041 | D:2      | Noticed Natasha
  1422 | D:2      | Noticed Sigmund
  1442 | D:2      | Killed Sigmund
  1442 | D:2      | Reached skill level 5 in Earth Magic
  1442 | D:2      | Reached XP level 5. HP: 17/35 MP: 1/9
  1514 | D:2      | Learned a level 3 spell: Stone Arrow
  1520 | D:2      | Learned a level 5 spell: Lee's Rapid Deconstruction
  1877 | D:3      | Reached XP level 6. HP: 41/41 MP: 5/10
  2906 | D:3      | Found a glowing golden altar of the Shining One.
  2906 | D:3      | Found a white marble altar of Elyvilon.
  2906 | D:3      | Found a glowing silver altar of Zin.
  3219 | D:4      | Found an ancient bone altar of Kikubaaqudgha.
  3219 | D:4      | Found a stormy altar of Qazlal.
  3220 | D:4      | Found an iron altar of Okawaru.
  3264 | D:4      | Reached skill level 6 in Earth Magic
  3453 | D:4      | Found a staircase to the Ecumenical Temple.
  3462 | Temple   | Entered the Ecumenical Temple
  3646 | Temple   | Became a worshipper of Vehumet
  3738 | D:4      | Reached XP level 7. HP: 28/46 MP: 8/12
  3955 | D:4      | Reached skill level 1 in Conjurations
  4361 | D:5      | Entered Level 5 of the Dungeon
  4400 | D:5      | Found a hide-covered altar of Uskayaw.
  4419 | D:5      | Noticed a +0 hand axe
  4419 | D:5      | Noticed a +0 dagger
  4638 | D:5      | Reached skill level 5 in Dodging
  4638 | D:5      | Reached skill level 7 in Earth Magic
  4638 | D:5      | Reached XP level 8. HP: 44/52 MP: 6/14
  5009 | D:5      | Found a blossoming altar of Fedhas.
  5030 | D:5      | Reached * piety under Vehumet
  5030 | D:5      | Offered knowledge of Shock by Vehumet.
  5354 | D:5      | Found a runed translucent door.
  5603 | D:6      | Noticed Pikel
  5609 | D:6      | Killed Pikel
  5609 | D:6      | Reached skill level 5 in Spellcasting
  5609 | D:6      | Reached skill level 8 in Earth Magic
  5651 | D:6      | Found Mothusaw's Magic Scroll Boutique.
  5651 | D:6      | Noticed Eustachio
  5662 | D:6      | Killed Eustachio
  5744 | D:6      | Noticed Blork the orc
  5754 | D:6      | Killed Blork the orc
  5754 | D:6      | Reached XP level 9. HP: 57/57 MP: 2/16
  5761 | D:6      | Noticed Grinder
  5770 | D:6      | Killed Grinder
  6182 | D:7      | Found a shadowy altar of Dithmenos.
  6184 | D:7      | Noticed Harold
  6292 | D:7      | Reached skill level 9 in Earth Magic
  6398 | D:7      | Noticed Menkaure
  6414 | D:7      | Slain by Harold

Levels and vault maps discovered:
D:1:      dpeg_arrival_short_road, layout_rooms, minmay_misc_feat_cross
D:2:      layout_basic, first_ration, uniq_sigmund, uniq_natasha
D:3:      layout_loops_corners, good_gods_mini_temple
D:4:      layout_basic, gammafunk_temple_overflow_forgotten,
          minmay_temple_entry_wispy, solitary_fountain
D:5:      layout_rooms, dancing_weapons_uskayaw, fedhas_altar_2,
          lightli_church_of_beogh
D:6:      layout_rooms, serial_shops, nicolae_shop_waterfront,
          uniq_blork_the_orc, uniq_eustachio, uniq_pikel, uniq_grinder
D:7:      minmay_inner_zag, layout_basic, lemuel_crystal_altar, serial_shops,
          shop, nicolae_dithmenos_the_darkroom, uniq_menkaure,
          uniq_crazy_yiuf_cottage, uniq_harold
Temple:   nicolae_temple_figure_eight

Skill      XL: |  1  2  3  4  5  6  7  8  9 |
---------------+----------------------------+-----
Earth Magic    | 4 5 6 7 8 9 |  9.0
Dodging        | 3 4 5 6 |  6.6
Spellcasting   | 3 4 5 |  5.5
Conjurations   | 1 3 |  3.4
Short Blades   | |  0.2
Stealth        | |  3.1
Transmutations | |  1.1

Action                   |  1- 3 |  4- 6 |  7- 9 || total
-------------------------+-------+-------+-------++-------
Melee: Short sword       |    81 |    29 |       ||   110
       Bite              |     6 |    13 |    12 ||    31
       Long sword        |       |   144 |    17 ||   161
       Quarterstaff      |       |       |   136 ||   136
 Cast: Sandblast         |    12 |    43 |    44 ||    99
       Stone Arrow       |       |       |    19 ||    19
       Lee's Rapid Decon |       |       |     6 ||     6
  Use: Potion            |       |     1 |       ||     1
 Stab: Sleeping          |     5 |     7 |     1 ||    13
Armor: Robe              |    28 |    19 |    18 ||    65
Dodge: Dodged            |    95 |   147 |   175 ||   417
       Rpst.: Long sword |       |    41 |     5 ||    46
